 Dungeon Sprint DCSS version 0.28-a0-465-ge2dae52223 (webtiles) character file.

Game seed: 13259443352313758603

257 MikeHunt the Magician (level 5, -21/35 HPs)
             Began as a Demonspawn Earth Elementalist on Sept 14, 2021.
             Was an Initiate of Sif Muna.
             Killed from afar by a deep elf pyromancer (36 damage)
             ... with a bolt of fire
             ... in the Dungeon (Sprint III: "The Ten Rune Challenge").
             The game lasted 00:02:58 (537 turns).

MikeHunt the Magician (DsEE)                         Turns: 537, Time: 00:02:59

Health: -21/35     AC:  6    Str:  8    XL:     5   Next: 93%
Magic:  7/13       EV: 12    Int: 18    God:    Sif Muna [......]
Gold:   25         SH:  0    Dex: 15    Spells: 10/18 levels left

rFire   . . .      SeeInvis .   (no weapon)
rCold   + . .      Faith    .   (no shield)
rNeg    . . .      Spirit   .   q - +2 robe {rC+}
rPois   .          Reflect  .   (no helmet)
rElec   .          Harm     .   (no cloak)
rCorr   .          Rampage  .   (no gloves)
Will    .....      NoTele   +   (no boots)
Stlth   ++........              (no amulet)
HPRegen 0.11/turn               (no ring)
MPRegen 0.13/turn               (no ring)

@: no status effects
A: claws 1, condensation shield, iridescent scales 1, agile 1, low mp 1
a: Renounce Religion


You were in the Dungeon.
You worshipped Sif Muna.
Sif Muna was noncommittal.
You visited 1 branch You collected 25 gold pieces.

Inventory:

Hand Weapons
 d - a +3 dagger of venom
Missiles
 i - 11 stones
Armour
 b - a +0 robe
 p - a +0 robe of fire resistance
 q - a +2 robe of cold resistance (worn)
Wands
 r - a wand of iceblast (5)
Scrolls
 a - a scroll of vulnerability {unknown}
 h - a scroll of blinking
 j - a scroll of amnesia {unknown}
 k - a scroll of holy word {unknown}
 l - a scroll of identify {unknown}
 o - 2 scrolls of immolation {unknown}
Potions
 c - a potion of curing
 e - a potion of haste
 f - a potion of magic
 g - a potion of berserk rage
 m - 4 potions of flight
 n - 5 potions of mutation


   Skills:
 - Level 1.7 Dodging
 - Level 1.7 Stealth
 + Level 7.2 Spellcasting
 + Level 5.5 Conjurations
 - Level 0.8 Transmutations
 + Level 2.5 Fire Magic
 + Level 6.7 Earth Magic
 + Level 3.1 Invocations
 + Level 0.0 Evocations


You had 10 spell levels left.
You knew the following spells:

 Your Spells              Type           Power      Damage    Failure   Level
a - Flame Wave            Conj/Fire      20%        3d6       21%         4
e - Sandblast             Erth           60%        2d14      1%          1
r - Stone Arrow           Conj/Erth      56%        3d10      2%          3

Your spell library contained the following spells:

 Spells                   Type           Power      Damage    Failure   Level
 Foxfire                  Conj/Fire      80%        2x1d8     1%          1
 Passwall                 Tmut/Erth      16%        N/A       3%          2
 Conjure Flame            Conj/Fire      20%        6-21      6%          3
 Dazzling Flash           Conj/Hex       32%        N/A       11%         3
 Inner Flame              Hex/Fire       11%        N/A       19%         3
 Petrify                  Tmut/Erth      20%        N/A       22%         4
 Agony                    Necr           6%         N/A       96%         5
 Silence                  Hex/Air        3%         N/A       96%         5


Dungeon Overview and Level Annotations

Branches:
Dungeon (1/1)

Altars:
Dithmenos
Elyvilon
Kikubaaqudgha
Ru
Sif Muna
Vehumet
Yredelemnul
Zin
The Shining One


Innate Abilities, Weirdness & Mutations

You have sharp fingernails.
A meltable shield of frost defends you. (SH +0)
You are partially covered in iridescent scales. (AC +2)
You are agile. (Dex +2)
Your magical capacity is low. (-10% MP)


Message History

There is an open door here.
Things that are here:
a +0 dagger; a +0 robe; a human corpse You start resting.
Unknown command.
You start resting.
Magic restored.
You open the door.
A deep elf pyromancer comes into view.
It is wielding a +1 long sword of holy wrath.
The deep elf pyromancer shouts!
The deep elf pyromancer casts a spell.
Found a potion of heal wounds.
Found three altars.
Casting: Sandblast (safe; 1% risk of failure)
Confirm with . or Enter, or press ? or * to list all spells.
Aiming: Stone Arrow (dangerous; 2% risk of failure)
Press: ? - help, Shift-Dir - straight line, f - deep elf pyromancer
Aim: a deep elf pyromancer, wielding a +1 long sword of holy wrath (60% to hit)
The stone arrow misses the deep elf pyromancer.
Casting: Stone Arrow (dangerous; 2% risk of failure)
Confirm with . or Enter, or press ? or * to list all spells.
Aiming: Stone Arrow (dangerous; 2% risk of failure)
Press: ? - help, Shift-Dir - straight line, f/p - deep elf pyromancer
Aim: a deep elf pyromancer, wielding a +1 long sword of holy wrath (60% to hit)
The stone arrow hits the deep elf pyromancer!
The deep elf pyromancer is moderately wounded.
Press: ? - help, v - describe, . - travel
Here: a deep elf pyromancer, wielding a +1 long sword of holy wrath (moderately wounded)
The floor.
Unknown command.
Casting: Stone Arrow (dangerous; 2% risk of failure)
Confirm with . or Enter, or press ? or * to list all spells.
You don't know that spell.
Unknown command.
The fire elemental hits you. The fire elemental burns you!
Your condensation shield dissipates!
The fire elemental hits you. The fire elemental burns you!
The deep elf pyromancer points at you and mumbles some strange words.
The bolt of fire hits you!!!
Ouch! That really hurt!
You die...

▓▓▓▓▓▓ ▓▓▓ .'...♣♣
♣.##### #### .#....♣♣
♣.#___# #__# ##.....♣
♣.#!e○# #._#
.#....≈♣♣♣♣♣.###○#+###)##
.#...≈≈♣.....#..☼.......#
.#..≈≈≈≈.....'.E........#
)#..≈≈≈≈≈≈♣♣.#..@######+#
.#.≈≈≈≈≈≈....#.⌠.#
.#.≈≈≈≈≈.....#...#
.#.≈≈≈.......#'###
##...........#.).#
†............#___#
▓▓▓▓▓▓▓▓▓▓▓▓▓▓▓▓▓▓


You could see a deep elf pyromancer and a fire elemental (summoned).

Vanquished Creatures
  A necrophage (D)
  A water elemental (D)
  Jessica (D)
  A wizard (D)
  A necromancer (D)
  A human (D)
  A kobold demonologist (D)
  A phantom (D)
  An endoplasm (D)
  2 rats (D)
11 creatures vanquished.

Vanquished Creatures (others)
  2 plants (D)
2 creatures vanquished.

Grand Total: 13 creatures vanquished

Notes
Turn   | Place    | Note
-------+----------+-------------------------------------------
     0 | D        | MikeHunt the Demonspawn Earth Elementalist began the quest
                  | for the Orb.
     0 | D        | Reached XP level 1. HP: 13/13 MP: 3/3
    37 | D        | Noticed Jessica
    40 | D        | Killed Jessica
    41 | D        | Reached skill level 4 in Spellcasting
    41 | D        | Gained mutation: A meltable shield of frost defends you.
                  | (SH +0) [demonic ancestry]
    41 | D        | Reached XP level 2. HP: 19/19 MP: 1/7
    44 | D        | Reached XP level 3. HP: 24/24 MP: 0/9
    49 | D        | Learned a level 3 spell: Stone Arrow
   163 | D        | Gained mutation: Your magical capacity is low. (-10% MP)
                  | [potion of mutation]
   163 | D        | Gained mutation: You are partially covered in iridescent
                  | scales. (AC +2) [potion of mutation]
   163 | D        | Gained mutation: You are agile. (Dex +2) [potion of
                  | mutation]
   179 | D        | Reached skill level 5 in Spellcasting
   179 | D        | Reached skill level 1 in Conjurations
   212 | D        | Noticed a water elemental
   221 | D        | Killed a water elemental
   222 | D        | Reached skill level 6 in Spellcasting
   222 | D        | Reached skill level 5 in Earth Magic
   222 | D        | Reached XP level 4. HP: 21/30 MP: 5/10
   303 | D        | Found a radiant altar of Vehumet.
   304 | D        | Found a shimmering blue altar of Sif Muna.
   304 | D        | Noticed a wizard
   305 | D        | Killed a wizard
   307 | D        | Gained mutation: You have sharp fingernails. [demonic
                  | ancestry]
   307 | D        | Reached XP level 5. HP: 35/35 MP: 4/12
   308 | D        | Found an ancient bone altar of Kikubaaqudgha.
   316 | D        | Became a worshipper of Sif Muna the Loreminder
   390 | D        | Learned a level 4 spell: Flame Wave
   393 | D        | Found a shadowy altar of Dithmenos.
   393 | D        | Noticed a necrophage
   398 | D        | Reached skill level 1 in Fire Magic
   398 | D        | Found a basalt altar of Yredelemnul.
   398 | D        | Found a sacrificial altar of Ru.
   425 | D        | Killed a necrophage
   426 | D        | Reached skill level 7 in Spellcasting
   426 | D        | Reached skill level 5 in Conjurations
   532 | D        | Noticed a deep elf pyromancer
   533 | D        | Noticed a fire elemental
   537 | D        | Killed from afar by a deep elf pyromancer

Illustrated notes

Levels and vault maps discovered:
D:        dungeon_sprint_mu [sprint_mu_entry_forest, sprint_mu_temple_rooms,
          sprint_mu_d1_horrors, sprint_mu_d2_genie, sprint_mu_d3_branching,
          sprint_mu_orc_legion, sprint_mu_elf_gauntlet, sprint_mu_hive_nellie,
          sprint_mu_lair_fedhas, sprint_mu_vaults_butterflies,
          sprint_mu_slime_circle, sprint_mu_swamp_cave, sprint_mu_snake_twists,
          sprint_mu_blade_basic, sprint_mu_crypt_lich, sprint_mu_tomb_spiral,
          sprint_mu_vestibule_basic, sprint_mu_gehenna_hellfire,
          sprint_mu_dis_giant, sprint_mu_tartarus_statrot,
          sprint_mu_cocytus_islands, sprint_mu_zot1]

Skill      XL: |  1  2  3  4  5 |
---------------+----------------+-----
Earth Magic    | 4 5 6 |  6.7
Spellcasting   | 4 6 7 |  7.2
Conjurations   | 3 4 5 |  5.5
Fire Magic     | 2 |  2.5
Invocations    | 3 |  3.1
Dodging        | |  1.7
Stealth        | |  1.7
Transmutations | |  0.8

Action                   |  1- 3 |  4- 6 || total
-------------------------+-------+-------++-------
 Cast: Sandblast         |    15 |     4 ||    19
       Stone Arrow       |     3 |     8 ||    11
  Use: Potion            |     3 |       ||     3
Armor: Robe              |     1 |     4 ||     5
Dodge: Dodged            |     3 |     4 ||     7

Table legend: (Time is in decaauts)
 A = Elapsed time spent in this place.
 B = Non-inter-level travel time spent in this place.
 C = Inter-level travel time spent in this place.
 D = Time resting spent in this place.
 E = Time spent auto-exploring this place.
 F = Levels seen in this place.
 G = Mean time per level.
                   A        B        C        D        E       F      G
               +--------+--------+--------+--------+--------+-----+--------+
         Total |    539 |    491 |     48 |    266 |      0 |   1 |  539.0 |
       Dungeon |    539 |    491 |     48 |    266 |      0 |   1 |  539.0 |
               +--------+--------+--------+--------+--------+-----+--------+

Top non-repeatable levels by time:
       D: 539 daAuts
